cohdb
Replays
Latest Replays
All Replays
Popular Replays
Top Player Replays
Match Explorer
How It Works
Community
CoH3 Stats
Reddit
Sign in to upload your games and track your stats! →
Sign in with Steam
Match 39005304
Unlisted
Match 39005304
Overview
Messages
Build Orders
End
Selects Italian Coastal Battlegroup
Selects Coastal Reserves
Coastal Reserve
Coastal Reserve
Construct Infanterie Kompanie
MG 42 Machine Gun Team
Infanterie Officer Quarters
Selects Artillery Officer
Construct Panzergrenadier Kompanie
251 Medium Carrier
Medical Bunker
Panzergrenadier Squad
Support Elements
GrW 34 Mortar Team
StuG III G Assault Gun
Panzergrenadier Officer Quarters
StuG III G Assault Gun
Selects Obice da 210/22 Artillery Emplacement
Nuclear Viking
清里せんめ[Monster™]
午睡红茶
Smith
SandiPon
Sam
TAMORI
Cuttysark
0
0
Comments
sign in to comment!
No comments posted yet!